 Dungeon Crawl Stone Soup version 0.20.0-10-g0535bb4 (webtiles) character file.

78199 Gorglomux the Warrior (level 15, 0/170 HPs)
             Began as an Ogre Transmuter on June 4, 2017.
             Was the Champion of Cheibriados.
             Slain by a skeletal warrior
             ... wielding a +0 dire flail
              (24 damage)
             ... on level 15 of the Dungeon.
             The game lasted 00:45:55 (24910 turns).

Gorglomux the Warrior (Ogre Transmuter)            Turns: 24910, Time: 00:45:56

Health: 0/170      AC:  8    Str: 33    XL:     15   Next: 59%
Magic:  8/25       EV: 20    Int: 34    God:    Cheibriados [******]
Gold:   992        SH:  0    Dex: 24    Spells: 3/27 levels left

rFire    . . .     SeeInvis .     - Unarmed
rCold    . . .     Gourm    .   (shield currently unavailable)
rNeg     . . .     Faith    +   f - +0 troll leather armour
rPois    .         Spirit   .   (helmet restricted)
rElec    .         Reflect  .   p - scarf {cloud immunity}
rCorr    .         Harm     .   (gloves unavailable)
MR       +....                  (boots unavailable)
Stlth    ++........             o - amulet of faith
Regen    0.8/turn               y - +3 ring of protection
MPRegen  0.2/turn               w - +3 ring of evasion

@: blade hands (expiring), very slow
A: unfitting armour, tough skin 1
a: End Transformation, Bend Time, Temporal Distortion, Slouch, Step From Time,
Renounce Religion


You were on level 15 of the Dungeon.
You worshipped Cheibriados.
Cheibriados was exalted by your worship.
You were hungry.
You had blades for hands.
You visited 3 branches of the dungeon, and saw 22 of its levels.

You collected 1292 gold pieces.
You spent 300 gold pieces at shops.

Inventory:

Missiles
 a - 485 arrows
 m - 4 silver javelins
 Z - a throwing net (quivered)
Armour
 f - a +0 troll leather armour (worn)
 p - a scarf of cloud immunity (worn)
Jewellery
 l - an uncursed ring of flight
 o - an amulet of faith (around neck)
 w - a +3 ring of evasion (right scythe-like blade)
 y - a +3 ring of protection (left scythe-like blade)
 X - a +5 ring of intelligence
Wands
 x - a wand of iceblast (9/15)
 A - a wand of acid (8/15)
 D - a wand of digging (21/24)
 E - a wand of enslavement (8/24)
 I - a wand of iceblast (5/15)
 L - a wand of lightning (9/15)
 P - a wand of paralysis (7/24)
Scrolls
 i - 4 scrolls of immolation
 k - a scroll of recharging
 s - a scroll of silence
 t - 6 scrolls of amnesia
 B - 3 scrolls of blinking
 H - 4 scrolls of remove curse
 J - 2 scrolls of fog
 M - a scroll of magic mapping
 R - 3 scrolls of identify
 T - 6 scrolls of teleportation
Potions
 e - 2 potions of resistance
 j - 2 potions of haste
 n - a potion of heal wounds
 q - a potion of agility
 F - a potion of magic
 K - 3 potions of flight
 O - 3 potions of brilliance
 Q - 12 potions of curing
 U - a potion of might
 V - 2 potions of lignification
 W - 3 potions of invisibility
 Y - 2 potions of mutation {!q}
Books
 c - a book of Changes

   Spells                             Type                      Level
   a - Beastly Appendage              Transmutation                1
   b - Sticks to Snakes               Transmutation                2
   c - Spider Form                    Transmutation/Poison         3
   d - Ice Form                       Ice/Transmutation            4
   e - Blade Hands                    Transmutation                5
 h - a book of Misfortune

   Spells                             Type                      Level
   a - Confusing Touch                Hexes                        1
   b - Confuse                        Hexes                        3
   c - Gell's Gravitas                Translocation                3
   d - Petrify                        Transmutation/Earth          4
   e - Metabolic Englaciation         Hexes/Ice                    5
   f - Yara's Violent Unravelling     Hexes/Transmutation          5
 u - a book of Minor Magic

   Spells                             Type                      Level
   a - Magic Dart                     Conjuration                  1
   b - Blink                          Translocation                2
   c - Call Imp                       Summoning                    2
   d - Slow                           Hexes                        2
   e - Conjure Flame                  Conjuration/Fire             3
   f - Mephitic Cloud                 Conjuration/Poison/Air       3
 v - a book of Clouds

   Spells                             Type                      Level
   a - Poisonous Vapours              Poison/Air                   2
   b - Mephitic Cloud                 Conjuration/Poison/Air       3
   c - Conjure Flame                  Conjuration/Fire             3
   d - Freezing Cloud                 Conjuration/Ice/Air          6
   e - Ring of Flames                 Charms/Fire                  7
 C - a book of Frost

   Spells                             Type                      Level
   a - Freeze                         Ice                          1
   b - Throw Frost                    Conjuration/Ice              2
   c - Ozocubu's Armour               Charms/Ice                   3
   d - Throw Icicle                   Conjuration/Ice              4
   e - Summon Ice Beast               Ice/Summoning                4
 S - a book of Flames

   Spells                             Type                      Level
   a - Flame Tongue                   Conjuration/Fire             1
   b - Throw Flame                    Conjuration/Fire             2
   c - Conjure Flame                  Conjuration/Fire             3
   d - Inner Flame                    Hexes/Fire                   3
   e - Sticky Flame                   Conjuration/Fire             4
   f - Fireball                       Conjuration/Fire             5
Comestibles
 d - 9 bread rations
 z - 13 meat rations
 G - 39 fruits
 N - 16 royal jellies


   Skills:
 + Level 16.3 Fighting
 + Level 8.6 Dodging
 - Level 13.6 Unarmed Combat
 + Level 6.9 Spellcasting
 - Level 4.1 Charms
 - Level 9.3 Transmutations
 + Level 2.2 Fire Magic
 - Level 4.1 Ice Magic
 - Level 11.0 Invocations


You had 3 spell levels left.
You knew the following spells:

 Your Spells              Type           Power        Failure   Level  Hunger
a - Ring of Flames        Chrm/Fire      ####......   100%        7    #######
b - Sticks to Snakes      Tmut           ######..     8%          2    None
c - Spider Form           Tmut/Pois      #####.....   21%         3    None
d - Blade Hands           Tmut           ######....   22%         5    ####...
e - Ice Form              Ice/Tmut       ######..     24%         4    #......
h - Ozocubu's Armour      Chrm/Ice       #####...     22%         3    None


Dungeon Overview and Level Annotations

Branches:
Dungeon (15/15)            Temple (1/1) D:6            Lair (6/6) D:9
 Shoals (0/4) Lair:4       Spider (0/4) Lair:4        Slime (0/5) Lair:5
    Orc (0/2) D:10         Vaults (0/5) D:13         Depths (0/5) D:15

Altars:
Ashenzari
Cheibriados
Dithmenos
Elyvilon
Fedhas
Gozag
Hepliaklqana
Kikubaaqudgha
Makhleb
Okawaru
Qazlal
Ru
Sif Muna
Trog
Uskayaw
Vehumet
Yredelemnul
Zin
The Shining One

Shops:
D:10 !%((

Portals:
Trove: D:11 (give +6 ice dragon scales)

Annotations:
Lair:3 exclusion: 2 oklob plants, Rupert
Lair:6 exclusion: 3 doors


Innate Abilities, Weirdness & Mutations

You are too large for most types of armour.
You have tough skin. (AC +1)


Message History

The vampire mosquito buzzes angrily.
The fire giant zombie hits you but does no damage.
The centaur warrior hits you.
* * * LOW HITPOINT WARNING * * *
You can feel time thicken for a moment.
You kill the centaur warrior!
Cheibriados thoroughly appreciates the change of pace.
You destroy the vampire mosquito!
Cheibriados thoroughly appreciates the change of pace.
You feel somewhat more hungry.
The skeletal warrior closely misses you.
The fire giant zombie hits you.
* * * LOW HITPOINT WARNING * * *
Unknown command.
Unknown command.
Okay, then.
You slash the skeletal warrior!
The skeletal warrior is severely damaged.
The skeletal warrior hits you with a dire flail!!
You die...

............ .....
................ ....##...
........... .......#
####...###.. #......
............
#.....#########......
#.....#.......#)))...
#...).#.......##'#### .####
#.<.@.#.............. .....#
#..(zZ'..............
..8...##.#...#..............
....P..#.....#.......##+####
.......#.....#.......##.....
..p.8P.#.....##########.....
.......#(....# .......
>8p.z....###.# .......
...8.P...# #.# #.....


You could see a skeletal warrior and a fire giant zombie.

Vanquished Creatures
  Kirke (Lair:6)
  Nessos (Lair:5)
  7 hydras
  2 centaur warriors (D:15)
  Erica (D:8)
  10 two-headed ogres
  2 dancing weapons (D:13)
  An ogre mage (D:15)
  6 death yaks (Lair:5)
  The ghost of buskinjo the Covert, a novice DEAs of Vehumet (D:8)
  3 skeletal warriors (D:13)
  2 unseen horrors
  Pikel (D:5)
  2 ugly things
  3 manticores
  3 cyclopes
  9 elephants
  4 centaur zombies
  Maurice (D:13)
  2 black mambas
  7 centaur skeletons
  11 spiny frogs
  A gargoyle (D:13)
  15 komodo dragons
  2 rime drakes
  A komodo dragon (shapeshifter) (D:13)
  A freezing wraith (D:14)
  2 kobold demonologists
  An efreet (D:14)
  A tengu conjurer (D:15)
  2 trolls
  3 meliai (D:15)
  A snapping turtle (Lair:4)
  3 polar bears
  13 blink frogs
  4 hornets
  13 slime creatures
  8 hippogriffs
  A centaur simulacrum (D:11)
  Sigmund (D:6)
  The ghost of Larmestyx the Caller, an amateur TeSu of Sif Muna (D:5)
  A wyvern (Lair:6)
  4 hogs (Lair:6)
  2 water elementals
  53 yaks
  Grum (D:10)
  A wraith (D:12)
  Eustachio (D:6)
  A basilisk (Lair:2)
  2 steam dragons
  2 vampire mosquitoes (D:15)
  2 hungry ghosts
  Menkaure (D:6)
  Edmund (D:5)
  2 soldier ants
  15 water moccasins
  Duvessa (D:5)
  14 porcupines
  An ice beast (shapeshifter) (D:13)
  3 black bears
  4 orc warriors
  3 ice beasts
  2 sky beasts
  A necrophage (D:13)
  4 phantoms
  8 ogres
  22 wolves
  14 centaurs
  14 crocodiles
  2 big kobolds
  13 bullfrogs
  A wyvern zombie (D:12)
  2 wyvern skeletons
  5 scorpions
  3 killer bees (D:9)
  10 wights
  6 electric eels
  4 howler monkeys
  7 crimson imps
  A quasit (D:9)
  2 orc priests
  3 bullfrog zombies
  9 hounds
  8 jellies
  A bullfrog skeleton (D:8)
  4 iguanas
  9 orc wizards
  11 hell rats
  14 worker ants
  A hound skeleton (D:7)
  A howler monkey zombie (D:6)
  Robin (D:4)
  4 gnolls (D:6)
  2 worker ant zombies (D:5)
  10 adders
  6 shadow imps
  8 oozes
  An adder zombie (D:5)
  4 adder skeletons
  4 worms
  2 dart slugs
  5 leopard geckos
  24 orcs
  7 giant cockroaches
  10 goblins
  13 hobgoblins
  11 jackals
  3 quokkas
  A ball python (D:1)
  7 bats
  7 frilled lizards
  19 kobolds
  A leopard gecko skeleton (D:4)
  2 quokka skeletons
  9 rats
  A fungus (Lair:6)
613 creatures vanquished.

Vanquished Creatures (collateral kills)
  A hydra (D:11)
  A worker ant zombie (D:6)
  An orc (D:6)
3 creatures vanquished.

Vanquished Creatures (others)
  3 slaves (D:5)
  Dowan (D:5)
  A worker ant (D:6)
  An adder (D:5)
  A bush (Lair:5)
  23 fungi
  20 plants
50 creatures vanquished.

Grand Total: 666 creatures vanquished

Notes
Turn   | Place    | Note
-------+----------+-------------------------------------------
     0 | D:1      | Gorglomux the Ogre Transmuter began the quest for the Orb.
     0 | D:1      | Reached XP level 1. HP: 19/19 MP: 3/3
   235 | D:1      | Reached skill level 2 in Fighting
   285 | D:1      | Reached XP level 2. HP: 26/28 MP: 1/5
   418 | D:1      | Reached skill level 3 in Unarmed Combat
   754 | D:1      | Learned a level 2 spell: Sticks to Snakes
  1041 | D:2      | Reached XP level 3. HP: 11/36 MP: 0/6
  1274 | D:2      | Learned a level 3 spell: Spider Form
  1314 | D:2      | Found a blossoming altar of Fedhas.
  1535 | D:2      | Reached skill level 3 in Fighting
  1928 | D:2      | Reached XP level 4. HP: 33/45 MP: 4/7
  2386 | D:3      | Reached skill level 4 in Fighting
  2572 | D:3      | Found a hazy altar of Hepliaklqana.
  2674 | D:3      | Noticed a moth of wrath
  2676 | D:3      | Found a bloodstained altar of Trog.
  2902 | D:3      | Reached XP level 5. HP: 36/54 MP: 5/8
  3769 | D:4      | Found a stormy altar of Qazlal.
  3832 | D:4      | Noticed Robin
  4054 | D:4      | Reached skill level 5 in Fighting
  4063 | D:4      | Killed Robin
  4162 | D:4      | Noticed an ogre
  4170 | D:4      | Killed an ogre
  4170 | D:4      | Reached XP level 6. HP: 52/66 MP: 2/9
  4670 | D:4      | Noticed a phantom
  4711 | D:4      | Killed a phantom
  4711 | D:4      | Reached skill level 3 in Spellcasting
  4711 | D:4      | Reached XP level 7. HP: 28/72 MP: 11/11
  5098 | D:5      | Entered Level 5 of the Dungeon
  5174 | D:5      | Noticed Pikel
  5183 | D:5      | Noticed Edmund
  5202 | D:5      | Killed Pikel
  5202 | D:5      | Reached skill level 6 in Unarmed Combat
  5202 | D:5      | Reached skill level 3 in Transmutations
  5202 | D:5      | Reached XP level 8. HP: 39/81 MP: 11/14
  5545 | D:5      | Noticed Larmestyx's ghost (amateur TeSu)
  5559 | D:5      | Killed Larmestyx's ghost
  5688 | D:5      | Found a radiant altar of Vehumet.
  5757 | D:5      | Noticed Dowan
  5758 | D:5      | Noticed Duvessa
  5775 | D:5      | Killed Duvessa
  5881 | D:5      | Killed Edmund
  5917 | D:5      | Killed Dowan
  6183 | D:5      | Reached skill level 6 in Spellcasting
  6426 | D:6      | Noticed Menkaure
  6438 | D:6      | Killed Menkaure
  6438 | D:6      | Reached XP level 9. HP: 7/88 MP: 15/18
  6682 | D:6      | Found an ancient bone altar of Kikubaaqudgha.
  6799 | D:6      | Noticed Eustachio
  6814 | D:6      | Killed Eustachio
  7084 | D:6      | Found a staircase to the Ecumenical Temple.
  7097 | D:6      | Reached skill level 6 in Transmutations
  7102 | Temple   | Entered the Ecumenical Temple
  7113 | Temple   | Became a worshipper of Cheibriados the Contemplative
  7128 | Temple   | Learned a level 5 spell: Blade Hands
  7827 | D:6      | Reached * piety under Cheibriados
  7943 | D:6      | Noticed Sigmund
  7956 | D:6      | Killed Sigmund
  8146 | D:7      | Found a sacrificial altar of Ru.
  8311 | D:7      | Reached skill level 6 in Fighting
  8365 | D:7      | Reached XP level 10. HP: 78/98 MP: 15/19
  9140 | D:7      | Found an iron altar of Okawaru.
  9240 | D:8      | Reached skill level 9 in Unarmed Combat
  9400 | D:8      | Noticed Erica
  9414 | D:8      | Killed Erica
  9414 | D:8      | Reached skill level 7 in Fighting
  9416 | D:8      | Reached ** piety under Cheibriados
  9818 | D:8      | Noticed buskinjo's ghost (novice DEAs)
  9833 | D:8      | Killed buskinjo's ghost
  9833 | D:8      | Reached skill level 8 in Fighting
  9843 | D:8      | Learned a level 4 spell: Ice Form
 10152 | D:8      | Noticed a two-headed ogre
 10455 | D:8      | Killed a two-headed ogre
 10699 | D:8      | Reached skill level 9 in Fighting
 10868 | D:8      | Found a burning altar of Makhleb.
 11008 | D:9      | Found a bloodstained altar of Trog.
 11016 | D:9      | Paralysed by a hornet for 2 turns
 11017 | D:9      | Reached XP level 11. HP: 63/115 MP: 20/20
 11242 | D:9      | Reached *** piety under Cheibriados
 11402 | D:9      | Found a staircase to the Lair.
 11442 | D:9      | Reached skill level 9 in Transmutations
 11835 | D:10     | Entered Level 10 of the Dungeon
 11887 | D:10     | Reached skill level 10 in Fighting
 11888 | D:10     | Found a staircase to the Orcish Mines.
 11977 | D:10     | Found Odeim's Food Shop.
 11979 | D:10     | Found Bumoy's Weapon Emporium.
 12009 | D:10     | Found Wimaw's Weapon Emporium.
 12180 | D:10     | Found Xaall's Distillery.
 12188 | D:10     | Bought a potion of invisibility for 120 gold pieces
 12188 | D:10     | Bought a potion of brilliance for 60 gold pieces
 12188 | D:10     | Bought a potion of magic for 120 gold pieces
 12262 | D:10     | Noticed Grum
 12278 | D:10     | Killed Grum
 12285 | D:10     | Reached **** piety under Cheibriados
 12290 | D:10     | Learned a level 3 spell: Ozocubu's Armour
 12484 | D:10     | Noticed a two-headed ogre
 12495 | D:10     | Killed a two-headed ogre
 12574 | D:11     | Found a portal to a secret trove of treasure.
 12670 | D:11     | Reached skill level 1 in Invocations
 12673 | D:11     | Reached skill level 1 in Ice Magic
 12677 | D:11     | Reached skill level 1 in Charms
 12861 | D:11     | Killed an unseen horror
 12966 | D:11     | Noticed a six-headed hydra
 12970 | D:11     | HP: 6/142 [six-headed hydra (3)]
 13142 | D:11     | Reached skill level 3 in Invocations
 13472 | D:11     | Reached ***** piety under Cheibriados
 13698 | D:11     | Reached skill level 3 in Ice Magic
 13730 | D:11     | Killed a six-headed hydra
 13730 | D:11     | Reached skill level 3 in Charms
 13747 | D:11     | Reached XP level 12. HP: 112/127 MP: 17/21
 13826 | Lair:1   | Entered Level 1 of the Lair of Beasts
 14287 | Lair:1   | Reached skill level 6 in Invocations
 15049 | Lair:2   | Reached skill level 9 in Invocations
 15941 | Lair:3   | Noticed a four-headed hydra
 15952 | Lair:3   | Killed a four-headed hydra
 16182 | Lair:3   | Noticed Rupert
 16262 | Lair:3   | Reached ****** piety under Cheibriados
 16549 | Lair:2   | Reached XP level 13. HP: 65/135 MP: 17/22
 16812 | Lair:3   | Reached skill level 11 in Fighting
 17170 | Lair:3   | Paralysed by Rupert for 2 turns
 17403 | Lair:4   | Found a staircase to the Shoals.
 17442 | Lair:4   | Reached skill level 12 in Fighting
 17774 | Lair:4   | Found a hole to the Spider Nest.
 18365 | Lair:5   | Found a staircase to the Slime Pits.
 18371 | Lair:5   | Noticed Nessos
 18372 | Lair:5   | Killed Nessos
 18375 | Lair:5   | Reached skill level 3 in Dodging
 18380 | Lair:5   | Reached skill level 13 in Fighting
 19003 | Lair:5   | Reached skill level 12 in Unarmed Combat
 19184 | Lair:5   | Reached XP level 14. HP: 109/153 MP: 19/23
 19629 | Lair:6   | Entered Level 6 of the Lair of Beasts
 19777 | Lair:6   | Reached skill level 14 in Fighting
 20160 | Lair:6   | Reached skill level 6 in Dodging
 20364 | Lair:6   | Noticed Kirke
 20377 | Lair:6   | Killed Kirke
 21384 | D:12     | Got a clouded iron amulet
 21612 | D:12     | Identified 2 scrolls of acquirement
 21856 | D:13     | Reached skill level 15 in Fighting
 21895 | D:13     | Found a gate to the Vaults.
 22177 | D:13     | Noticed Maurice
 22186 | D:13     | Killed Maurice
 22223 | D:13     | Identified the amulet of Jyinom {+Fly rElec rC++ Regen+ Dex-5} (You found it on level 12 of the Dungeon)
 22369 | D:13     | Reached XP level 15. HP: 119/167 MP: 19/24
 23366 | D:14     | Found a blossoming altar of Fedhas.
 24012 | D:14     | Reached skill level 16 in Fighting
 24152 | D:15     | Entered Level 15 of the Dungeon
 24161 | D:15     | Learned a level 7 spell: Ring of Flames
 24419 | D:15     | Reached skill level 1 in Fire Magic
 24898 | D:15     | Found a staircase to the Depths.
 24910 | D:15     | Slain by a skeletal warrior

Skill      XL: |  1  2  3  4  5  6  7  8  9 10 11 12 13 14 15 |
---------------+----------------------------------------------+-----
Fighting       | 2 3 4 5 6 9 10 13 15 16 | 16.3
Unarmed Combat | 3 4 5 6 7 8 10 12 13 | 13.6
Transmutations | 2 3 5 7 8 9 |  9.3
Spellcasting   | 3 4 6 |  6.9
Invocations    | 4 11 | 11.0
Ice Magic      | 3 4 |  4.1
Charms         | 3 4 |  4.1
Dodging        | 4 7 8 |  8.6
Fire Magic     | 2 |  2.2

Action                   |  1- 3 |  4- 6 |  7- 9 | 10-12 | 13-15 || total
-------------------------+-------+-------+-------+-------+-------++-------
Melee: Unarmed           |   156 |   223 |   269 |   484 |   671 ||  1803
       Kick              |    10 |     2 |       |       |       ||    12
       Headbutt          |     2 |       |       |     5 |       ||     7
       Punch             |       |     2 |     3 |    12 |    13 ||    30
Throw: Throwing net      |       |       |       |       |     1 ||     1
 Cast: Beastly Appendage |    39 |     2 |       |     2 |       ||    43
       Sticks to Snakes  |     3 |       |     5 |    15 |     8 ||    31
       Spider Form       |     4 |    26 |    30 |    34 |     1 ||    95
       Blade Hands       |       |       |     2 |    18 |    21 ||    41
       Ice Form          |       |       |       |    23 |    57 ||    80
       Ozocubu's Armour  |       |       |       |    16 |    13 ||    29
Invok: Slouch            |       |       |       |       |     9 ||     9
       Step From Time    |       |       |       |       |     3 ||     3
       Temporal Distorti |       |       |       |       |     2 ||     2
 Abil: End Transformatio |       |       |       |     6 |     2 ||     8
Evoke: Wand              |       |       |       |     6 |       ||     6
  Use: Scroll            |       |       |     9 |    12 |    13 ||    34
       Potion            |       |       |       |     1 |     2 ||     3
 Stab: Sleeping          |     1 |     1 |       |     3 |     3 ||     8
       Paralysed         |       |       |       |     2 |       ||     2
       Distracted        |       |       |       |     1 |     2 ||     3
  Eat: Chunk             |     5 |    13 |     9 |    20 |    24 ||    71
       Meat ration       |       |       |     1 |       |       ||     1
       Royal jelly       |       |       |       |       |     1 ||     1
Armor: Robe              |    26 |    46 |    19 |    49 |    28 ||   168
       Skin              |     1 |     6 |     3 |    74 |   181 ||   265
       Troll leather arm |       |       |       |       |    15 ||    15
Dodge: Dodged            |   102 |   149 |   168 |   401 |   694 ||  1514
